 Dungeon Crawl Stone Soup version 0.18-a0-19-g8b99b3a (webtiles) character file.

42 4thArraOfDagon the Ruffian (level 3, -8/31 HPs)
             Began as a Ghoul Monk on Nov 1, 2015.
             Mangled by an ogre
             ... wielding a +0 giant spiked club
              (30 damage)
             ... on level 3 of the Dungeon.
             The game lasted 00:03:00 (596 turns).

4thArraOfDagon the Ruffian (Ghoul Monk)              Turns: 596, Time: 00:03:00

Health: -8/31      AC:  5    Str: 14    XL:     3   Next: 54%
Magic:  2/2        EV: 11    Int:  6    God:
Gold:   45         SH:  0    Dex: 11    Spells: 0 memorised, 2 levels left

rFire  . . .     SeeInvis .     i - +0 dagger (venom)
rCold  + . .     Clarity  .     p - +0 ring mail {rPois}
rNeg   + + +     SustAt   .     (no shield)
rPois  ∞         Gourm    .     (no helmet)
rElec  .         Spirit   .     (no cloak)
rCorr  .         Warding  .     (no gloves)
rMut   .         Stasis   .     (no boots)
MR     +....                    (no amulet)
Stlth  ++........               n - ring of protection from magic
                                m - ring of stealth

@: very slightly contaminated, rotting, hasted, very quick, somewhat resistant
to hostile enchantments, unstealthy
A: rotting body, claws 1, carnivore 3, cold resistance 1, negative energy
resistance 3, slow regeneration 1, torment resistance, unbreathing
a: no special abilities


You were on level 3 of the Dungeon.
You were not hungry.

You visited 1 branch of the dungeon, and saw 3 of its levels.

You collected 45 gold pieces.

Inventory:

Hand Weapons
 i - a +0 dagger of venom (weapon)
Armour
 p - a +0 ring mail of poison resistance (worn)
Jewellery
 m - a ring of stealth (left claw)
 n - a ring of protection from magic (right claw)
Scrolls
 d - a scroll of blinking {unknown}
 f - a scroll of remove curse {unknown}
 h - a scroll of teleportation {unknown}
Potions
 g - a potion of magic {unknown}
 l - a potion of poison
Comestibles
 b - 2 meat rations
 c - 5 chunks of flesh
 o - a slice of pizza


   Skills:
 + Level 3.4 Fighting
 + Level 1.2 Armour
 + Level 3.0 Dodging
 - Level 2.1 Stealth
 * Level 5.0 Unarmed Combat


You had 2 spell levels left.
You didn't know any spells.

Dungeon Overview and Level Annotations

Branches:
Dungeon (3/15)

Altars:
Elyvilon
Fedhas


Innate Abilities, Weirdness & Mutations

Your body is rotting away.
You thrive on raw meat.
You are immune to poison.
You have sharp fingernails.
You are carnivorous and can eat meat at any time.
Your flesh is cold resistant.
You are immune to negative energy.
You regenerate slowly when monsters are visible.
You are immune to unholy pain and torment.
You can survive without breathing.


Message History

You hit the ogre but do no damage.
The ogre is lightly wounded.
The ogre hits you with a giant spiked club.
You hit the ogre but do no damage.
The ogre is poisoned.
The ogre is lightly wounded.
You hit the ogre.
The ogre looks even sicker.
Your claw misses the ogre.
The ogre is moderately wounded.
The ogre misses you.
You hit the ogre.
The ogre is heavily wounded.
You hit the ogre.
The ogre is heavily wounded.
The ogre closely misses you.
You hit the ogre.
The ogre is heavily wounded.
You hit the ogre.
The ogre is severely wounded.
The ogre hits you with a giant spiked club!!
Ouch! That really hurt!
You die...

..# .## #.#..# ..#
..# .. ##.# [## ..#
#. #O# .# #.# # #§#
.######.# # # #§#
........# #.# #§#
#######.####.####.#
........##.....##O#
#######....# #..@.#
#.........# #.####
#.#######.###†#
#.....# #######


You could see an ogre.

Vanquished Creatures
  An adder (D:3)
  3 orcs (D:3)
  6 hobgoblins
  3 jackals (D:2)
  5 bats
  2 giant newts
  3 goblins
  A kobold (D:3)
  2 quokkas
  4 rats
30 creatures vanquished.

Notes
Turn   | Place    | Note
--------------------------------------------------------------
     0 | D:1      | 4thArraOfDagon the Ghoul Monk began the quest for the Orb.
     0 | D:1      | Reached XP level 1. HP: 19/19 MP: 0/0
    72 | D:1      | Reached XP level 2. HP: 26/26 MP: 1/1
   140 | D:2      | Found a white marble altar of Elyvilon.
   299 | D:2      | Found a blossoming altar of Fedhas.
   336 | D:3      | Reached skill level 1 in Armour
   336 | D:3      | Reached XP level 3. HP: 19/31 MP: 2/2
   464 | D:2      | Reached skill level 5 in Unarmed Combat
   561 | D:3      | Noticed an ogre
   596 | D:3      | Mangled by an ogre

Vault maps used:
D:1:      dpeg_arrival_shrine
D:2:      lemuel_round_altar, fedhas_altar_2, minivault_26
D:3:      uniq_iyjb

Action                   || total
-------------------------++-------
Melee: Unarmed           ||    94
       Dagger            ||    16
  Use: Scroll            ||     3
       Potion            ||     1
  Eat: Chunk             ||     4
